 Dungeon Crawl Stone Soup version 0.28-a0-724-g66f9036eb4 (webtiles) character file.

Game seed: 17868500120645021353

83 lawman0 the Grasshopper (level 4, 0/34 HPs)
             Began as a Barachi Warper on Oct 26, 2021.
             Slain by Grinder (3 damage)
             ... while paralysed by Grinder
             ... on level 3 of the Dungeon.
             The game lasted 00:03:26 (2361 turns).

lawman0 the Grasshopper (Barachi Warper)            Turns: 2361, Time: 00:03:27

Health: 0/34       AC:  9    Str: 12    XL:     4   Next: 44%
Magic:  7/7        EV:  2    Int: 14    God:
Gold:   88         SH:  0    Dex: 12    Spells: 0/7 levels left

rFire   . . .      SeeInvis .   a - +0 falchion
rCold   + . .      Faith    .   (no shield)
rNeg    . . .      Spirit   .   p - +3 scale mail {rC+}
rPois   .          Reflect  .   (no helmet)
rElec   .          Harm     .   (no cloak)
rCorr   .          Rampage  .   (no gloves)
Will    .....                   (no boots)
Stlth   ..........              (no amulet)
HPRegen 0.11/turn               (no ring)
MPRegen 0.10/turn               (no ring)

@: paralysed, slow
A: amphibious, slowness 1, strong legs 1, +LOS
a: Hop


You were on level 3 of the Dungeon.
You visited 1 branch of the dungeon, and saw 3 of its levels.

You collected 88 gold pieces.

Inventory:

Hand Weapons
 a - a +0 falchion (weapon)
Missiles
 b - 4 poisoned darts (quivered)
 j - 4 boomerangs
Armour
 p - a +3 scale mail of cold resistance (worn)
Scrolls
 c - 2 scrolls of blinking
 f - a scroll of fear {unknown}
 g - a scroll of identify {unknown}
 h - 2 scrolls of enchant armour
 k - a scroll of vulnerability {unknown}
 o - a scroll of holy word {unknown}
Potions
 d - a potion of curing {unknown}
 l - a potion of magic {unknown}
 m - a potion of brilliance {unknown}
 n - a potion of haste {unknown}


   Skills:
 + Level 2.7 Fighting
 * Level 3.6 Long Blades
 + Level 1.6 Throwing
 + Level 2.2 Armour
 + Level 2.3 Dodging
 + Level 2.4 Spellcasting
 * Level 4.0 Translocations


You couldn't memorise any spells.
You knew the following spells:

 Your Spells              Type           Power      Damage    Failure   Level
a - Blink                 Tloc           24%        N/A       34%         2
b - Teleport Other        Tloc           12%        N/A       56%         3
c - Static Discharge      Conj/Air       1%         N/A       87%         2

Your spell library contained the following spells:

 Spells                   Type           Power      Damage    Failure   Level
 Gell's Gravitas          Tloc           6%         N/A       56%         3
 Lesser Beckoning         Tloc           12%        N/A       56%         3
 Manifold Assault         Tloc           12%        N/A       99%         5
 Lightning Bolt           Conj/Air       0%         1d11      100%        5
 Maxwell's Capacitive Co  Air            0%         ∞         100%        8


Dungeon Overview and Level Annotations

Branches:
Dungeon (3/15)

Altars:
Cheibriados
Kikubaaqudgha
The Shining One

Annotations:
D:3 Grinder


Innate Abilities, Weirdness & Mutations

You are amphibious.
You cover ground slowly.
You can hop short distances.
You have an extended range of vision and can be seen from far away.


Message History

Throw: 2 javelins
Press: ? - help, Q - select action, (/) - cycle Shift-Dir - straight line, f/p - Grinder
Aim: Grinder (lightly wounded, 53% to hit)
You throw a javelin.
The javelin pierces through the hobgoblin!
You kill the hobgoblin!
The javelin closely misses Grinder.
Throw: javelin
Press: ? - help, Q - select action, (/) - cycle Shift-Dir - straight line, f/p - Grinder
Aim: Grinder (53% to hit)
You throw a javelin. The javelin barely misses Grinder.
Grinder grins, showing sharp teeth.
Throw: 6 darts (poison)
Press: ? - help, Q - select action, (/) - cycle Shift-Dir - straight line, f/p - Grinder
Aim: Grinder (52% to hit)
You throw a poisoned dart. The poisoned dart hits Grinder.
Grinder hits you!
Throw: 5 darts (poison)
Press: ? - help, Q - select action, (/) - cycle Shift-Dir - straight line, f/p - Grinder
Aim: Grinder (53% to hit)
You throw a poisoned dart. The poisoned dart hits Grinder.
Grinder hits you.
You writhe in agony.
Okay, then.
As you read the scroll labelled ZAIQ VUAGEAST, it crumbles to dust.
You hear a loud clanging noise!
It was a scroll of noise.
You hear a shout! x2
Grinder gestures at you.
You suddenly lose the ability to move!
Grinder hits you!
* * * LOW HITPOINT WARNING * * *
You writhe in agony.
* * * LOW HITPOINT WARNING * * *
Grinder gestures at you. You resist with significant effort.
Grinder hits you but does no damage. Grinder hits you.
* * * LOW HITPOINT WARNING * * *
You writhe in agony.
You die...

#..(..# #.....# #.....#
#(...(# #.....# .....
... #5# ######@####.#
#...........#
#.####.###### #.# #.# #
#.# #.. .
#.#####################
#.##...................
#.##.##################
#.##.#......#


You could see Grinder.

Vanquished Creatures
  Terence (D:2)
  An adder (D:2)
  4 dart slugs
  An orc (D:3)
  2 endoplasms
  2 giant cockroaches
  5 hobgoblins
  3 kobolds
  3 quokkas
  4 ball pythons
  4 bats (D:1)
  A frilled lizard (D:3)
  5 goblins
  3 rats
39 creatures vanquished.

Notes
Turn   | Place    | Note
-------+----------+-------------------------------------------
     0 | D:1      | lawman0 the Barachi Warper began the quest for the Orb.
     0 | D:1      | Reached XP level 1. HP: 17/17 MP: 3/3
   142 | D:1      | Reached XP level 2. HP: 18/23 MP: 5/5
   833 | D:1      | Learned a level 2 spell: Blink
  1024 | D:2      | Reached XP level 3. HP: 26/26 MP: 6/6
  1028 | D:2      | Found a faded altar of an unknown god.
  1369 | D:2      | Noticed Terence
  1384 | D:2      | Killed Terence
  1385 | D:2      | Reached XP level 4. HP: 14/34 MP: 4/7
  1770 | D:2      | Found a glowing golden altar of the Shining One.
  2107 | D:3      | Learned a level 3 spell: Teleport Other
  2110 | D:3      | Learned a level 2 spell: Static Discharge
  2149 | D:3      | Reached skill level 4 in Translocations
  2221 | D:3      | Found an ancient bone altar of Kikubaaqudgha.
  2221 | D:3      | Found a snail-covered altar of Cheibriados.
  2350 | D:3      | Noticed Grinder
  2357 | D:3      | Paralysed by Grinder for 5 turns
  2361 | D:3      | Slain by Grinder

Illustrated notes

Levels and vault maps discovered:
D:1:      evilmike_arrival_crescent, layout_loops_cross
D:2:      layout_basic, basic_ecumenical_altar, basic_altar,
          kennysheep_generic_room_12, uniq_terence
D:3:      layout_basic, gammafunk_temple_overflow_wave,
          chequers_serial_rivers_micro_e, kennysheep_generic_room_10,
          uniq_grinder

Skill      XL: |  1  2  3  4 |
---------------+-------------+-----
Long Blades    | 3 |  3.6
Armour         | 2 |  2.2
Translocations | 4 |  4.0
Fighting       | |  2.7
Throwing       | |  1.6
Dodging        | |  2.3
Spellcasting   | |  2.4

Action                   |  1- 3 |  4- 6 || total
-------------------------+-------+-------++-------
Melee: Falchion          |    58 |    25 ||    83
Throw: Boomerang         |    33 |    10 ||    43
       Dart              |     8 |     9 ||    17
       Javelin           |       |     9 ||     9
 Cast: Blink             |     1 |       ||     1
 Abil: Hop               |     1 |     1 ||     2
  Use: Scroll            |       |     2 ||     2
Armor: Leather armour    |    18 |       ||    18
       Scale mail        |       |    18 ||    18
Dodge: Dodged            |    34 |    19 ||    53

Table legend: (Time is in decaauts)
 A = Elapsed time spent in this place.
 B = Non-inter-level travel time spent in this place.
 C = Inter-level travel time spent in this place.
 D = Time resting spent in this place.
 E = Time spent auto-exploring this place.
 F = Levels seen in this place.
 G = Mean time per level.
                   A        B        C        D        E       F      G
               +--------+--------+--------+--------+--------+-----+--------+
         Total |   2659 |   2592 |     67 |    125 |   2114 |   3 |  886.3 |
       Dungeon |   2659 |   2592 |     67 |    125 |   2114 |   3 |  886.3 |
               +--------+--------+--------+--------+--------+-----+--------+

Top non-repeatable levels by time:
     D:2: 1195 daAuts
     D:1: 1144 daAuts
     D:3: 319 daAuts
